 Dungeon Crawl Stone Soup version 0.29-a0-334-gb41bcbb86e (webtiles) character file.

Game seed: 530523966838017854

315 zishaf the Cutter (level 6, -7/49 HPs)
             Began as a Human Wanderer on Apr 14, 2022.
             Mangled by Edmund
             ... wielding a +5 flail of holy wrath
              (12 damage)
             ... on level 4 of the Dungeon.
             The game lasted 00:03:39 (3253 turns).

zishaf the Cutter (Human Wanderer)                  Turns: 3253, Time: 00:03:40

Health: -7/49      AC:  8    Str: 14    XL:     6   Next: 72%
Magic:  15/15      EV:  9    Int: 10    God:
Gold:   173        SH: 10    Dex: 15    Spells: 5/5 levels left

rFire   + . .      SeeInvis .   l - +1 short sword (drain)
rCold   + . .      Faith    .   q - +1 kite shield "Ringounn" {rC+ Stlth+}
rNeg    . . .      Spirit   .   r - +1 leather armour {rF+}
rPois   .          Reflect  .   (no helmet)
rElec   .          Harm     .   y - +2 cloak
rCorr   .          Rampage  .   t - +0 pair of gloves
Will    .....                   (no boots)
Stlth   ++........              (no amulet)
HPRegen 0.16/turn               h - ring of magical power
MPRegen 0.14/turn               (no ring)

@: no status effects
A: no striking features
a: no special abilities


You were on level 4 of the Dungeon.
You visited 1 branch of the dungeon, and saw 4 of its levels.

You collected 173 gold pieces.

Inventory:

Hand Weapons
 a - a +2 short sword
 l - a +1 short sword of draining (weapon)
Armour
 q - the +1 kite shield "Ringounn" (worn) {rC+ Stlth+}
   (You found it on level 2 of the Dungeon)

   rC:        It protects you from cold.
   Stlth:     It makes you more stealthy.
 r - a +1 leather armour of fire resistance (worn)
 t - a +0 pair of gloves (worn)
 y - a +2 cloak (worn)
Jewellery
 h - a ring of magical power (left hand)
Wands
 c - a wand of polymorph (2) (quivered)
 x - a wand of flame (9)
Scrolls
 f - a scroll of holy word {unknown}
 g - 2 scrolls of identify {unknown}
 i - a scroll of enchant armour {unknown}
 j - 3 scrolls of fear {unknown}
 m - 2 scrolls of immolation {unknown}
 n - a scroll of teleportation {unknown}
 o - a scroll of fog {unknown}
 p - 2 scrolls of enchant weapon {unknown}
 u - a scroll of magic mapping {unknown}
Potions
 b - 7 potions of curing
 d - a potion of attraction
 e - 2 potions of resistance {unknown}
 k - 4 potions of degeneration {unknown}
 s - 3 potions of mutation {unknown}
 v - a potion of heal wounds {unknown}
 w - a potion of flight {unknown}


   Skills:
 + Level 4.5 Fighting
 - Level 5.0 Short Blades
 - Level 1.0 Throwing
 - Level 1.2 Armour
 + Level 3.5 Shields
 - Level 1.0 Unarmed Combat
 + Level 2.3 Evocations


You had 5 spell levels left.
You didn't know any spells.
Your spell library contained the following spells:

 Spells                   Type           Power      Damage    Failure   Level
 Foxfire                  Conj/Fire      0%         2x1d4     82%         1
 Call Canine Familiar     Summ           0%         N/A       99%         3
 Conjure Flame            Conj/Fire      0%         6-21      99%         3
 Inner Flame              Hex/Fire       0%         N/A       99%         3
 Portal Projectile        Hex/Tloc       0%         N/A       99%         3
 Flame Wave               Conj/Fire      0%         2d4       100%        4
 Leda's Liquefaction      Hex/Erth       0%         N/A       100%        4


Dungeon Overview and Level Annotations

Branches:
Dungeon (4/15)
 Temple: D:4-7

Altars:
Gozag

Annotations:
D:4 Edmund


Message History

* * * LOW HITPOINT WARNING * * *
You completely miss Edmund.
Edmund is heavily wounded.
Edmund hits you with a +5 flail of holy wrath.
* * * LOW HITPOINT WARNING * * *
You hit Edmund.
Edmund is heavily wounded.
You block Edmund's attack.
You hit Edmund.
Edmund is severely wounded.
Edmund barely misses you.
You barely miss Edmund.
Edmund is severely wounded.
You block Edmund's attack.
You barely miss Edmund.
Edmund is severely wounded.
Edmund hits you but does no damage.
You hit Edmund but do no damage.
Edmund is severely wounded.
Edmund zaps a wand.
You block the puff of flame.
You closely miss Edmund.
Edmund is severely wounded.
You block Edmund's attack.
You hit Edmund. You drain Edmund.
Edmund is severely wounded.
Edmund zaps a wand.
The puff of flame hits you. You resist.
* * * LOW HITPOINT WARNING * * *
You hit Edmund but do no damage.
Edmund is severely wounded.
You block Edmund's attack.
Aiming: Throw Flame
Press: ? - help, Shift-Dir - straight line, f - Edmund
Aim: Edmund, wielding a +5 flail of holy wrath, wearing a +0 ring mail and carrying a wand of flame (6) (severely wounded, heavily drained, 75% to hit)
The puff of flame misses Edmund.
Edmund hits you with a +5 flail of holy wrath.
* * * LOW HITPOINT WARNING * * *
You hit Edmund but do no damage.
Edmund is severely wounded.
Edmund hits you with a +5 flail of holy wrath!
You die...

##........
#.##..(......
#.#.....<...#
#.#.......?..
#.#.........#
#.##.......# #.#
#.....#
#.#.###.###....##
#........@@...##
####
#######.#####.#
#... #.# .# #.##
#.# #.. #.# #.#
#..# #.# #.# #).#
#.## #.# #..#
###..> #.# #..#
##..... #.# #..#
##....##


You could see Edmund (very drained).

Vanquished Creatures
  A boggart (D:3)
  A scorpion (D:4)
  A jelly (D:4)
  Crazy Yiuf (D:4)
  An iguana (D:3)
  4 adders
  2 worms
  A dart slug (D:3)
  An orc (D:4)
  2 endoplasms
  A giant cockroach (D:4)
  4 goblins
  5 hobgoblins
  2 jackals (D:3)
  4 kobolds
  2 quokkas
  4 ball pythons
  2 bats
  3 frilled lizards
  2 rats
44 creatures vanquished.

Notes
Turn   | Place    | Note
-------+----------+-------------------------------------------
     0 | D:1      | zishaf the Human Wanderer began the quest for the Orb.
     0 | D:1      | zishaf set off with the following items: a +2 short sword,
                  | a potion of curing, a wand of polymorph (3), a potion of
                  | attraction, a +0 leather armour
     0 | D:1      | Reached XP level 1. HP: 16/16 MP: 1/1
   597 | D:1      | Reached XP level 2. HP: 16/20 MP: 2/2
   658 | D:1      | Reached skill level 1 in Armour
  1188 | D:2      | Identified the +1 kite shield "Ringounn" {rC+ Stlth+}
  1328 | D:2      | Found an opulent altar of Gozag.
  1417 | D:2      | Reached skill level 1 in Shields
  1417 | D:2      | Reached XP level 3. HP: 5/28 MP: 3/3
  2094 | D:3      | Noticed an ogre
  2101 | D:3      | Noticed a boggart
  2101 | D:3      | an ogre changed into a boggart
  2110 | D:3      | Killed a boggart
  2111 | D:3      | Reached XP level 4. HP: 37/37 MP: 4/4
  2111 | D:3      | Reached XP level 5. HP: 42/42 MP: 5/5
  2396 | D:3      | Found a faded altar of an unknown god.
  2838 | D:4      | Found a runed translucent door.
  2839 | D:4      | Noticed Crazy Yiuf
  2851 | D:4      | Killed Crazy Yiuf
  2852 | D:4      | Reached XP level 6. HP: 35/48 MP: 6/6
  3223 | D:4      | Noticed Edmund
  3253 | D:4      | Mangled by Edmund

Illustrated notes

Levels and vault maps discovered:
D:1:      nagdon_arrival_double_spiral, layout_basic
D:2:      layout_loops_cross, basic_altar
D:3:      layout_loops_cross, chequers_ecumenical_altar_twisty
D:4:      layout_loops_ring, uniq_eustachio, uniq_edmund, uniq_sigmund,
          uniq_crazy_yiuf_cottage

Skill      XL: |  1  2  3  4  5  6 |
---------------+-------------------+-----
Armour         | 1 |  1.2
Shields        | 1 2 3 |  3.5
Fighting       | 3 4 |  4.5
Evocations     | 2 |  2.3
Short Blades   | |  5.0
Throwing       | |  1.0
Unarmed Combat | |  1.0

Action                   |  1- 3 |  4- 6 || total
-------------------------+-------+-------++-------
Melee: Short sword       |    76 |   113 ||   189
       Punch             |     1 |       ||     1
Evoke: Wand              |     1 |     1 ||     2
 Stab: Sleeping          |     1 |     5 ||     6
Armor: Leather armour    |    20 |    27 ||    47
Dodge: Dodged            |    20 |    25 ||    45
Block: Kite shield       |    18 |    46 ||    64

Table legend: (Time is in decaauts)
 A = Elapsed time spent in this place.
 B = Non-inter-level travel time spent in this place.
 C = Inter-level travel time spent in this place.
 D = Time resting spent in this place.
 E = Time spent auto-exploring this place.
 F = Levels seen in this place.
 G = Mean time per level.
                   A        B        C        D        E       F      G
               +--------+--------+--------+--------+--------+-----+--------+
         Total |   3252 |   3204 |     48 |      0 |   2737 |   4 |  813.0 |
       Dungeon |   3252 |   3204 |     48 |      0 |   2737 |   4 |  813.0 |
               +--------+--------+--------+--------+--------+-----+--------+

Top non-repeatable levels by time:
     D:1: 1006 daAuts
     D:2: 961 daAuts
     D:3: 727 daAuts
     D:4: 557 daAuts
